 Dungeon Crawl Stone Soup version 0.32-a0-685-g93135e86f0 (webtiles) character file.

Game seed: 11563893052356808034

65 Nietzsche the Cutter (level 3, 0/27 HPs)
             Began as a Vampire Gladiator on Mar 12, 2024.
             Slain by a goblin
             ... wielding a +0 dagger
             ... led by Robin
              (4 damage)
             ... on level 2 of the Dungeon.
             The game lasted 00:04:17 (1113 turns).

Nietzsche the Cutter (Vampire Gladiator)            Turns: 1113, Time: 00:04:18

Health: 0/27       AC:  4    Str: 13    XL:     3   Next: 94%
Magic:  4/4        EV: 13    Int: 12    God:
Gold:   74         SH:  0    Dex: 15    Spells: 3/3 levels left

rFire   + . .        a - +0 rapier
rCold   + . .        (no shield)
rNeg    . . .        b - +0 leather armour
rPois   +            c - +0 helmet
rElec   +            (no cloak)
rCorr   +            (no gloves)
SInv    +            (no boots)
Will    +....        (no amulet)
Stlth   ++           i - ring of willpower
HPRegen 0.44/turn    (no ring)
MPRegen 0.09/turn

%: no passive effects
@: resistant, healing quickly
A: alive, fangs 3, see invisible, vampiric 2
a: Exsanguinate


You were on level 2 of the Dungeon.
You visited 1 branch of the dungeon, and saw 2 of its levels.

You collected 74 gold pieces.

Inventory:

Hand Weapons
 a - a +0 rapier (weapon)
Missiles
 d - 3 throwing nets (quivered)
 e - a javelin
Armour
 b - a +0 leather armour (worn)
 c - a +0 helmet (worn)
Jewellery
 i - a ring of willpower (left hand)
Scrolls
 f - a scroll of poison {unknown}
 g - 2 scrolls of identify {unknown}
 h - a scroll of teleportation {unknown}
 k - a scroll of blinking {unknown}
 n - a scroll of immolation {unknown}
Potions
 o - a potion of curing {unknown}


   Skills:
 + Level 2.1 Fighting
 + Level 4.3 Short Blades
 - Level 1.5 Throwing
 + Level 0.4 Armour
 + Level 3.5 Dodging
 * Level 2.1 Stealth
 * Level 0.7 Spellcasting


You had 3 spell levels left.
You didn't know any spells.
Your spell library contained the following spells:

 Spells                   Type           Power      Damage    Failure   Level
 Dazzling Flash           Conj/Hex       0%         N/A       75%         3
 Starburst                Conj/Fire      0%         6d3       100%        6
 Maxwell's Capacitive Co  Air            0%         ∞         100%        8


Dungeon Overview and Level Annotations

Branches:
Dungeon (2/15)

Altars:

Shops:
D:2 !

Annotations:
D:2 Robin


Innate Abilities, Weirdness & Mutations

Your natural rate of healing is accelerated.
You have razor-sharp teeth.
You have supernaturally acute eyesight. (SInv)
You are afflicted with vampirism and can become a bat while bloodless.


Message History

You kill the hobgoblin!
The goblin hits you but does no damage.
You closely miss the goblin. Robin hits you but does no damage.
The goblin hits you but does no damage.
You hit the goblin.
The goblin is moderately wounded.
Robin hits you but does no damage. The goblin hits you with a +0 dagger.
* * * LOW HITPOINT WARNING * * *
You closely miss the goblin.
The goblin is moderately wounded.
Robin hits you but does no damage. The goblin hits you but does no damage.
You hit Robin.
Robin is lightly wounded.
The goblin no longer looks unusually strong.
Robin hits you but does no damage. The goblin hits you with a +0 dagger.
* * * LOW HITPOINT WARNING * * *
You hit Robin but do no damage.
Robin is lightly wounded.
Robin roars a battlecry!
The goblin goes into a battle-frenzy!
The goblin hits you but does no damage.
You hear a shout!
You hit Robin.
Robin is moderately wounded.
Robin hits you but does no damage. The goblin hits you with a +0 dagger.
* * * LOW HITPOINT WARNING * * *
It was a potion of cancellation.
Your magical effects are unravelling.
You feel magically purged.
You feel less wooden.
Your +0 helmet unmelds from your body.
Your +0 leather armour unmelds from your body.
Robin says, "Bow before me, strongest of all the hobgoblins!"
Robin hits you but does no damage. The goblin hits you with a +0 dagger.
* * * LOW HITPOINT WARNING * * *
It was a potion of resistance.
You feel protected.
A goblin comes into view. It is wielding a +0 club.
Robin hits you but does no damage. The goblin hits you with a +0 dagger.
You die...

...#. # #.# # #
###.....##.###.# # .
.......##.....# # #g ......#
####.†# # #.###..#.#######..###
# gg..g..g...>.......#
#########
#.#g#g#...######..#.###........
#....g.# #g#####..#.##...######
......##.# #..gg@g..........#
###### #.###.###########....#
##...## ####.# ##### #.# # #.#
# #.##### #....<. #######


You could see Robin, a hobgoblin (strong) and 2 goblins.

Vanquished Creatures
  An adder (D:2)
  A dart slug (D:1)
  A ribbon worm (D:2)
  3 ball pythons
  3 endoplasms
  A giant cockroach (D:2)
  4 hobgoblins
  10 jackals
  4 quokkas
  A bat (D:1)
  7 goblins
  5 kobolds
  3 rats (D:1)
44 creatures vanquished.

Notes
Turn   | Place    | Note
-------+----------+-------------------------------------------
     0 | D:1      | Nietzsche the Vampire Gladiator began the quest for the
                  | Orb.
     0 | D:1      | Reached XP level 1. HP: 16/16 MP: 1/1
   160 | D:1      | Reached XP level 2. HP: 22/22 MP: 2/2
   237 | D:1      | Reached skill level 1 in Stealth
   493 | D:1      | Reached skill level 4 in Short Blades
   499 | D:1      | Gained mutation: You are afflicted with vampirism and can
                  | become a bat while bloodless. [Vampire growth]
   499 | D:1      | Reached XP level 3. HP: 22/27 MP: 3/3
   970 | D:2      | Found Faocyost's Distillery.
  1072 | D:2      | Noticed Robin
  1113 | D:2      | Slain by a goblin

Illustrated notes

Levels and vault maps discovered:
D:1:      minmay_arrival_doors, layout_loops_ring
D:2:      minmay_door_path, layout_loops_ring, serial_shops,
          nicolae_shop_industrial_runoff, uniq_robin

Skill      XL: |  1  2  3 |
---------------+----------+-----
Stealth        | 1 2 |  2.1
Fighting       | 2 |  2.1
Short Blades   | 4 |  4.3
Throwing       | |  1.5
Armour         | |  0.4
Dodging        | |  3.5
Spellcasting   | |  0.7

Action                     || total
---------------------------++-------
  Melee: Rapier            ||   116
         Bite              ||     9
    Use: Potion            ||     3
   Stab: Distracted        ||     1
         Sleeping          ||     3
 Armour: Leather armour    ||    72
         Skin              ||    30
  Dodge: Dodged            ||    80

Table legend: (Time is in decaauts)
 A = Elapsed time spent in this place.
 B = Non-inter-level travel time spent in this place.
 C = Inter-level travel time spent in this place.
 D = Time resting spent in this place.
 E = Time spent auto-exploring this place.
 F = Levels seen in this place.
 G = Mean time per level.
                   A        B        C        D        E       F      G
               +--------+--------+--------+--------+--------+-----+--------+
         Total |   1113 |   1113 |      0 |      0 |    770 |   2 |  556.5 |
       Dungeon |   1113 |   1113 |      0 |      0 |    770 |   2 |  556.5 |
               +--------+--------+--------+--------+--------+-----+--------+

Top non-repeatable levels by time:
     D:1: 767 daAuts
     D:2: 346 daAuts
